 Dungeon Crawl Stone Soup version 0.30-a0-737-gf23d940 (webtiles) character file.

Game seed: 11500305191898240520

609 Illumine the Insei (level 8, 0/63 HPs)
             Began as a Meteoran Transmuter on Jan 31, 2023.
             Slain by Ijyb
             ... wielding a +0 club
              (5 damage)
             ... on level 5 of the Dungeon on Feb 1, 2023.
             The game lasted 00:07:11 (1612 turns).

Illumine the Insei (Meteoran Transmuter)            Turns: 1612, Time: 00:07:12

Health: 0/63       AC:  2    Str: 11    XL:     8   Next: 2%
Magic:  14/16      EV: 22    Int: 18    God:
Gold:   191        SH:  0    Dex: 19    Spells: 10/16 levels left

rFire   . . .      SeeInvis .      - Unarmed
rCold   . . .      Faith    .    (shield currently unavailable)
rNeg    . . .      Spirit   .    (body armour currently unavailable)
rPois   x          Reflect  .    (helmet currently unavailable)
rElec   .          Harm     .    (cloak currently unavailable)
rCorr   +          Rampage  .    (gloves currently unavailable)
Will    +....                    (boots currently unavailable)
Stlth   +                        (no amulet)
HPRegen 0.30/turn                n - ring of resist corrosion
MPRegen 0.15/turn                (no ring)

@: confused, mighty, spider-form (expiring), glowing
A: venomous fangs, tiny, sense surroundings 1, otherworldly, glowing, explore
regen, subdued magic 1
a: End Transformation


You were on level 5 of the Dungeon.
You were a venomous arachnid creature.
You visited 2 branches of the dungeon, and saw 6 of its levels.

You collected 191 gold pieces.

Inventory:

Hand Weapons
 g - a +0 sling
Armour
 a - a +0 robe (melded)
 h - a +0 helmet (melded)
 l - a +2 pair of gloves (melded)
Jewellery
 n - a ring of resist corrosion (left front pincers)
Scrolls
 i - a scroll of noise {unknown}
 j - a scroll of magic mapping
 k - 2 scrolls of vulnerability {unknown}
 o - a scroll of enchant weapon {unknown}
Potions
 b - a potion of lignification
 f - 2 potions of flight
 m - a potion of ambrosia {unknown}


   Skills:
 + Level 3.5 Fighting
 + Level 4.5 Dodging
 + Level 5.9 Unarmed Combat
 + Level 4.9 Spellcasting
 + Level 4.7 Transmutations


You had 10 spell levels left.
You knew the following spells:

 Your Spells              Type           Power      Damage    Failure   Level
a - Beastly Appendage     Tmut           32%        N/A       6%          1
b - Wereblood             Tmut           16%        N/A       9%          2
c - Spider Form           Tmut/Pois      9%         N/A       30%         3

Your spell library contained the following spells:

 Spells                   Type           Power      Damage    Failure   Level
 Ice Form                 Ice/Tmut       9%         N/A       63%         4


Dungeon Overview and Level Annotations

Branches:
Dungeon (5/15) Zot: 1468   Temple (1/1) D:4 Zot: 542

Altars:
Ashenzari
Cheibriados
Hepliaklqana
Nemelex Xobeh
Qazlal
Ru
Uskayaw
Vehumet
Wu Jian
Xom
Zin

Shops:
D:3 (

Annotations:
D:5 Grinder, Ijyb


Innate Abilities, Weirdness & Mutations

You are a venomous arachnid creature.
You have venomous fangs.
You are tiny and dextrous.
Your spellcasting is less reliable in this form.
Your armour is entirely melded.
You are incapable of wielding weapons or throwing items.
You passively map a small area around you.
You are easily found by Zot.
You glow in the dark.
You regain HP and MP as you explore.
Your spells are a little easier to cast, but a little less powerful.


Message History

You bump into the rock wall.
Grinder gestures at you. Pain shoots through your body!
* * * LOW HITPOINT WARNING * * *
Ijyb misses you.
Unknown command.
You bump into the rock wall.
Ijyb completely misses you. Grinder misses you.
You bump into the rock wall.
Grinder barely misses you. Ijyb closely misses you.
You hit Grinder but do no damage.
Grinder is almost dead.
It was a potion of might.
You feel very mighty all of a sudden. Ijyb barely misses you.
Grinder grins, showing sharp teeth.
Grinder closely misses you.
You bump into the rock wall.
Ijyb looks more healthy.
Grinder closely misses you. Ijyb misses you.
You bump into the rock wall.
Ijyb completely misses you.
Grinder blinks!
You bump into the rock wall.
You feel less confused.
Ijyb zaps a wand.
Your will is overpowered!
You are confused.
Unknown command.
You're too confused to move!
Ijyb completely misses you.
You bump into the rock wall.
Ijyb zaps a wand.
Your will is overpowered!
You are more confused.
Grinder hits you.
* * * LOW HITPOINT WARNING * * *
You writhe in agony.
* * * LOW HITPOINT WARNING * * *
Unknown command.
You bump into the rock wall.
Grinder closely misses you. Ijyb misses you.
You bump into the rock wall.
Your transformation is almost over.
Ijyb misses you.
Grinder blinks!
You bite Ijyb!
Ijyb is severely wounded.
Ijyb hits you with a +0 club.
You die...

#......# * ,* * * *
#......# * ,
######)######.. *
###...#.......... ,
, ......#..†######
, *,#.....§.§#§###
*
,#.##.#...)§§.....#
, #.#§§##§##..#..
**** , #...§gs## ##
* ###.#### , #.# *,
, .( * , * ## * ,*
, * * , ,


You could see Ijyb.

Vanquished Creatures
  An ogre (D:5)
  A phantom (D:5)
  A bullfrog (D:5)
  A necrophage (D:2)
  A hound (D:4)
  Robin (D:2)
  11 gnolls (D:4)
  4 adders
  An ufetubus (D:4)
  2 dart slugs (D:3)
  2 orcs
  2 bats
  2 endoplasms
  2 giant cockroaches
  45 goblins
  28 hobgoblins
  5 jackals (D:2)
  A quokka (D:4)
  2 ball pythons
  2 frilled lizards
  9 kobolds
  2 rats (D:1)
126 creatures vanquished.

Vanquished Creatures (others)
  8 plants (D:2)
8 creatures vanquished.

Grand Total: 134 creatures vanquished

Notes
Turn   | Place    | Note
-------+----------+-------------------------------------------
     0 | D:1      | Illumine the Meteoran Transmuter began the quest for the
                  | Orb.
     0 | D:1      | Reached XP level 1. HP: 16/16 MP: 5/5
    70 | D:1      | Reached XP level 2. HP: 19/23 MP: 6/6
   136 | D:1      | Learned a level 2 spell: Wereblood
   150 | D:2      | Reached skill level 4 in Unarmed Combat
   159 | D:2      | Reached XP level 3. HP: 20/28 MP: 2/8
   186 | D:2      | Noticed Robin
   266 | D:2      | Killed Robin
   267 | D:2      | Reached XP level 4. HP: 17/36 MP: 6/9
   321 | D:2      | Noticed a necrophage
   327 | D:2      | Killed a necrophage
   328 | D:2      | Reached XP level 5. HP: 37/41 MP: 9/11
   489 | D:3      | Learned a level 3 spell: Spider Form
   636 | D:3      | Reached skill level 5 in Unarmed Combat
   697 | D:3      | Found Zefit's Weapon Boutique.
   774 | D:4      | Reached XP level 6. HP: 43/49 MP: 10/12
   895 | D:4      | Identified the +5 dagger "Yxtoss" {flame, rPois}
  1113 | D:4      | Reached XP level 7. HP: 33/56 MP: 14/14
  1367 | D:4      | Found a staircase to the Ecumenical Temple.
  1376 | Temple   | Entered the Ecumenical Temple
  1376 | Temple   | Found a transporter.
  1376 | Temple   | Found a transporter.
  1378 | Temple   | Found a transporter.
  1378 | Temple   | Found a transporter.
  1543 | D:5      | Entered Level 5 of the Dungeon
  1568 | D:5      | Noticed Grinder
  1579 | D:5      | Paralysed by Grinder for 2 turns
  1581 | D:5      | Noticed Ijyb
  1587 | D:5      | Reached XP level 8. HP: 33/63 MP: 13/16
  1592 | D:5      | HP: 2/63 [Grinder/nerve-wracking pain (4)]
  1596 | D:5      | Gained mutation: Your spells are a little easier to cast,
                  | but a little less powerful. [potion of mutation]
  1600 | D:5      | HP: 3/63 [Grinder/nerve-wracking pain (1)]
  1612 | D:5      | Slain by Ijyb

Illustrated notes

Levels and vault maps discovered:
D:1:      lemuel_arrival_rhombus, layout_basic, minmay_misc_feat_roman,
          chequers_serial_rivers_micro_e
D:2:      minmay_general_purpose_star, layout_basic, serial_forest,
          infiniplex_forest_end_double, infiniplex_forest_clump_C,
          infiniplex_forest_clump_large, infiniplex_forest_clump_small,
          infiniplex_forest_clump_small, shapermc_ecumenical_altar_notcrosses,
          uniq_robin
D:3:      layout_basic, serial_shops, nicolae_shop_bloodbath_and_beyond
D:4:      minmay_goblin_kobold_castle, layout_cave_pods,
          minmay_temple_entry_antechambers, st_stairs_9, minmay_misc_feat_tiny
D:5:      layout_loops_cross, nicolae_dithmenos_shadow_blocks,
          minmay_divided_ellipse, uniq_grinder, uniq_sigmund, uniq_ijyb
Temple:   hellmonk_temple_divided_pantheon

Skill      XL: |  1  2  3  4  5  6  7 |
---------------+----------------------+-----
Unarmed Combat | 4 5 |  5.9
Spellcasting   | 3 4 |  4.9
Fighting       | 2 3 |  3.5
Dodging        | 3 4 |  4.5
Transmutations | 3 4 |  4.7

Action                     |  1- 3 |  4- 6 |  7- 9 || total
---------------------------+-------+-------+-------++-------
  Melee: Unarmed           |    50 |   145 |   103 ||   298
         Headbutt          |     8 |     8 |       ||    16
         Kick              |     8 |    14 |       ||    22
         Punch             |     2 |     5 |     2 ||     9
   Fire: Sling             |     7 |       |       ||     7
   Cast: Beastly Appendage |     6 |     8 |       ||    14
         Wereblood         |     3 |     8 |     3 ||    14
         Spider Form       |       |     4 |     8 ||    12
    Use: Scroll            |       |     1 |     3 ||     4
         Potion            |       |       |     2 ||     2
 Armour: Robe              |    17 |    23 |     2 ||    42
         Skin              |       |     6 |    10 ||    16
  Dodge: Dodged            |    25 |   115 |   120 ||   260

Table legend: (Time is in decaauts)
 A = Elapsed time spent in this place.
 B = Non-inter-level travel time spent in this place.
 C = Inter-level travel time spent in this place.
 D = Time resting spent in this place.
 E = Time spent auto-exploring this place.
 F = Levels seen in this place.
 G = Mean time per level.
                   A        B        C        D        E       F      G
               +--------+--------+--------+--------+--------+-----+--------+
         Total |   1588 |   1474 |    114 |     74 |    361 |   6 |  264.7 |
       Dungeon |   1530 |   1416 |    114 |     74 |    361 |   5 |  306.0 |
        Temple |     57 |     57 |      0 |      0 |      0 |   1 |   57.0 |
               +--------+--------+--------+--------+--------+-----+--------+

Top non-repeatable levels by time:
     D:4: 738 daAuts
     D:3: 347 daAuts
     D:1: 202 daAuts
     D:2: 178 daAuts
     D:5: 64 daAuts
  Temple: 57 daAuts
